 Dungeon Crawl Stone Soup version 0.19-a0-1050-g8e71ee3 (webtiles) character file.

86 Rome the Skirmisher (level 4, -1/37 HPs)
             Began as a Formicid Abyssal Knight on Aug 1, 2016.
             Was a Believer of Lugonu.
             Slain by an adder (2 damage)
             ... on level 4 of the Dungeon.
             The game lasted 00:19:01 (3326 turns).

Rome the Skirmisher (Formicid Abyssal Knight)       Turns: 3326, Time: 00:19:01

Health: -1/37      AC: 10    Str: 17    XL:     4   Next: 78%
Magic:  5/5        EV:  7    Int: 12    God:    Lugonu [**....]
Gold:   162        SH:  0    Dex: 10    Spells: 0 memorised, 3 levels left

rFire  . . .     SeeInvis +     q - -1 dagger (curse)
rCold  . . .     Gourm    .     s - +0 chain mail
rNeg   . . .     Faith    .     (no shield)
rPois  .         Spirit   .     (helmet unavailable)
rElec  .         Dismiss  .     h - +0 cloak
rCorr  .         Reflect  .     (no gloves)
SustAt .         Harm     .     (no boots)
MR     .....                    (no amulet)
Stlth  ..........               (no ring)
                                (no ring)

@: lethally poisoned (-1 -> -2), not resistant to hostile enchantments,
extremely unstealthy
A: permanent stasis, dig shafts and tunnels, four strong arms, antennae 3
a: Dig, Shaft Self, Depart the Abyss, Bend Space, Renounce Religion


You were on level 4 of the Dungeon.
You worshipped Lugonu.
Lugonu was pleased with you.
You were full.

You visited 1 branch of the dungeon, and saw 4 of its levels.
You visited the Abyss 1 time.

You collected 162 gold pieces.

Inventory:

Hand Weapons
 a - a +1 spear
 j - a +0 longbow
 m - a +3 quarterstaff
 o - the +3 hand axe of Desertification {venom, Int+6, unknown}
   (You found it on level 4 of the Dungeon)

   It poisons the flesh of those it strikes.
   It affects your intelligence (+6).
 q - a cursed -1 dagger (weapon)
Missiles
 c - 25 arrows
 k - 3 javelins (quivered)
Armour
 h - a +0 cloak (worn)
 s - a +0 chain mail (worn)
Scrolls
 b - a scroll of identify {unknown}
 d - 5 scrolls of remove curse {unknown}
 e - 2 scrolls of recharging {unknown}
 f - 4 scrolls of teleportation {unknown}
 g - a scroll of amnesia {unknown}
 i - 2 scrolls of blinking {unknown}
Potions
 l - 2 potions of heal wounds
Comestibles
 n - 3 fruits


   Skills:
 + Level 4.1 Fighting
 + Level 2.8 Polearms
 + Level 0.2 Bows
 + Level 2.7 Armour
 + Level 1.6 Dodging
 + Level 1.0 Stealth
 + Level 2.4 Invocations


You had 3 spell levels left.
You didn't know any spells.

Dungeon Overview and Level Annotations

Branches:
Dungeon (4/15)
 Temple: D:4-7

Altars:


Innate Abilities, Weirdness & Mutations

You are under a permanent stasis effect.
You can dig through walls and to a lower floor.
Your four strong arms can wield two-handed weapons with a shield.
You have a pair of large antennae on your head. (SInv)


Message History

The adder barely misses you. The adder bites you but does no damage.
The adder bites you.
* * * LOW HITPOINT WARNING * * *
You feel sick. The adder barely misses you.
The adder bites you but does no damage.
You feel sick. The adder bites you.
* * * LOW HITPOINT WARNING * * *
The adder bites you.
* * * LOW HITPOINT WARNING * * *
The adder barely misses you. The adder bites you but does no damage.
The phantom blinks!
* * * LOW HITPOINT WARNING * * *
You feel sick.
Welcome back, Rome the Formicid Abyssal Knight.
Lugonu says: Spread carnage and corruption!
Press ? for a list of commands and other information.
The adder closely misses you. The adder bites you.
You die...

### ..##############
............o..#
...............########.
..........W..S.#@.......
............O.SS........
..##....##.....S........
..##....##..............
..##....##......#######.
................#
......{........... {
...................
..................$


You could see an ogre and 3 adders.

Vanquished Creatures
  An adder (D:3)
  An ooze (D:1)
  A worm (D:2)
  2 dart slugs (D:1)
  2 giant geckos
  3 orcs (D:3)
  A ball python (D:3)
  3 giant cockroaches
  5 hobgoblins
  6 jackals (D:1)
  10 kobolds
  5 bats
  3 giant newts
  6 goblins
  10 rats
59 creatures vanquished.

Notes
Turn   | Place    | Note
-------+----------+-------------------------------------------
     0 | Abyss:1  | Rome the Formicid Abyssal Knight began the quest for the Orb.
     0 | Abyss:1  | Reached XP level 1. HP: 18/18 MP: 2/2
    12 | Abyss:1  | Found a corrupted altar of Lugonu.
    19 | D:1      | Escaped the Abyss
    43 | D:1      | Reached skill level 1 in Dodging
    60 | D:1      | Reached XP level 2. HP: 14/24 MP: 3/3
   632 | D:1      | Reached XP level 3. HP: 30/30 MP: 4/4
   762 | D:1      | Reached ** piety under Lugonu
  1075 | D:1      | Reached skill level 4 in Fighting
  1592 | D:2      | Reached XP level 4. HP: 37/37 MP: 5/5
  2649 | D:3      | Reached skill level 1 in Stealth
  3232 | D:4      | Got a bone hand axe
  3296 | D:4      | Noticed a phantom
  3305 | D:4      | Noticed an ogre
  3319 | D:4      | HP: 1/37 [adder (3)]
  3326 | D:4      | Slain by an adder

Vault maps used:
D:1:      dpeg_arrival_rooms_a, minmay_misc_feat_doors
D:2:      roderic_serpentine_path, minmay_misc_feat_cross
D:3:      first_bread

Skill      XL: |  1  2  3  4 |
---------------+-------------+-----
Dodging        | 1 |  1.6
Fighting       | 4 |  4.1
Stealth        | 1 |  1.0
Polearms       | |  2.8
Bows           | |  0.2
Armour         | |  2.7
Invocations    | |  2.4

Action                   |  1- 3 |  4- 6 || total
-------------------------+-------+-------++-------
Melee: Spear             |   131 |    41 ||   172
       Dagger            |       |    68 ||    68
       Quarterstaff      |       |     7 ||     7
 Fire: Longbow           |       |    10 ||    10
Throw: Javelin           |       |     1 ||     1
  Use: Potion            |       |     4 ||     4
  Eat: Bread ration      |     1 |     1 ||     2
       Meat ration       |       |     1 ||     1
Armor: Leather armour    |    56 |    16 ||    72
       Chain mail        |       |    47 ||    47
Dodge: Dodged            |   115 |    72 ||   187
